[Event "Early-Titled-Tuesday-Blitz-June-18-2024"]
[Site "Chess.com"]
[Date "2024.06.18"]
[Round "3"]
[White "sokidze"]
[Black "jeetjain"]
[Result "1-0"]
[WhiteElo "2787"]
[BlackElo "2587"]
[TimeControl "180+1"]
[EndTime "8:28:08 PDT"]
[Termination "sokidze won by resignation"]

1. d4 c5 2. d5 d6 3. e4 Nf6 4. Nc3 g6 5. Nf3 Bg7 6. Bc4 O-O 7. O-O b6 8. Qe2 a6 9. a4 Nbd7 10. h3 Bb7 11. Bf4 h6 12. Rad1 Ne8 13. Rfe1 Nc7 14. e5 dxe5 15. Nxe5 Nxe5 16. Bxe5 Re8 17. Bxg7 Kxg7 18. Qe5+ f6 19. Qe3 Qd7 20. Bb3 Rad8 21. Ne4 Rf8 22. a5 bxa5 23. Nxc5 Qc8 24. Nxb7 Qxb7 25. Qxe7+ Kh8 26. d6 a4 27. dxc7 Rc8 28. Rd7 1-0

[Event "Early-Titled-Tuesday-Blitz-June-18-2024"]
[Site "Chess.com"]
[Date "2024.06.18"]
[Round "3"]
[White "Boudicca64"]
[Black "GMAneta"]
[Result "0-1"]
[WhiteElo "1832"]
[BlackElo "2359"]
[TimeControl "180+1"]
[EndTime "8:28:09 PDT"]
[Termination "GMAneta won on time"]

1. e4 c5 2. g3 d5 3. exd5 Nf6 4. Nf3 Nxd5 5. Bg2 g6 6. O-O Bg7 7. c3 O-O 8. d4 cxd4 9. cxd4 Nc6 10. h3 Bf5 11. a3 Rc8 12. Nc3 Nxc3 13. bxc3 Be4 14. Qe2 Bd5 15. Be3 Na5 16. Rfd1 Rxc3 17. Bd2 Rc2 18.
Rac1 Rxc1 19. Rxc1 Nb3 20. Rc2 Nxd2 21. Qxd2 b6 22.
a4 Bxf3 23. Bxf3 Bxd4 24. a5 bxa5 25. Ra2 Bb6 26. Qh6 Qd6 27. Kg2 Rd8 28. h4 Qe6 29. Re2 Qf6 30. h5 Rd3 31. Be4 Rd4 32. hxg6 hxg6 33.
f3 Rb4 0-1

[Event "Early-Titled-Tuesday-Blitz-June-18-2024"]
[Site "Chess.com"]
[Date "2024.06.18"]
[Round "3"]
[White "A4RookA3"]
[Black "DenishevM"]
[Result "0-1"]
[WhiteElo "2440"]
[BlackElo "2650"]
[TimeControl "180+1"]
[EndTime "8:28:11 PDT"]
[Termination "DenishevM won by resignation"]

1. d4 Nf6 2. Bf4 e6 3. e3 d5 4.
Nf3 Bd6 5. Nbd2 c5 6. dxc5 Bxc5 7. c4 O-O 8. Bd3 Nc6 9. O-O Qe7 10. Rc1 dxc4 11. Nxc4 b6 12. Qe2 Bb7 13. Rfd1 Rfd8 14. a3 a5 15. Bb1 Ba6 16. Bd3 Nh5 17. Bg5 f6 18. Bh4 g5 19. Bg3 Nxg3 20. hxg3 Rd7 21. Qc2 Rad8 22. Be2 g4 23. Nfd2 f5 24. Nb3 h5 25.
Rxd7 Rxd7 26. Rd1 Rxd1+ 27. Qxd1 h4 28. gxh4 g3 29. Nxc5 Qxc5 30. b3 gxf2+ 31. Kxf2 f4 32. Qd6 fxe3+ 33. Kg3 Qxd6+ 34. Nxd6 Bxe2 0-1

[Event "Early-Titled-Tuesday-Blitz-June-18-2024"]
[Site "Chess.com"]
[Date "2024.06.18"]
[Round "3"]
[White "LaPiToB"]
[Black "averageFM"]
[Result "0-1"]
[WhiteElo "2312"]
[BlackElo "2579"]
[TimeControl "180+1"]
[EndTime "8:28:11 PDT"]
[Termination "averageFM won by resignation"]

1. c4 g6 2. g3 Nf6 3. Bg2 c5 4. Nc3 Bg7 5. e4 Nc6 6. Nge2 d6 7. d3 O-O 8. O-O a6 9. a4 Rb8 10. h3 Nd7 11. Be3 Nd4 12. Rb1 e6 13. f4 f5 14. b4 Nxe2+ 15. Nxe2 b6 16. exf5 exf5 17. d4 Re8 18. Bf2 cxb4 19. Rxb4 a5 20. Rb1 Ba6 21. Qd3 Nf6 22. Rfc1 d5 23. Rb5 Bxb5 24. axb5 Ne4 25. cxd5 Qxd5 26. Nc3 Qb3 27. Bxe4 fxe4 28. Qd2 Rbc8 29.
Be3 a4 30. d5 Rxc3 0-1

[Event "Early-Titled-Tuesday-Blitz-June-18-2024"]
[Site "Chess.com"]
[Date "2024.06.18"]
[Round "3"]
[White "kingnb"]
[Black "masterofpuppets2"]
[Result "1-0"]
[WhiteElo "2688"]
[BlackElo "2481"]
[TimeControl "180+1"]
[EndTime "8:28:12 PDT"]
[Termination "kingnb won by resignation"]

1. d4 d5 2. Nf3 Nf6 3. e3 e6 4. Bd3 b6 5. Nbd2 Bb7 6. Qe2 Ne4 7.
O-O Be7 8. b3 Nc3 9. Qe1 O-O 10.
e4 dxe4 11. Nxe4 Nxe4 12. Bxe4 Bxe4 13. Qxe4 Nd7 14. c4 c5 15. Rd1 cxd4 16. Nxd4 Nc5 17. Qf3 Bf6 18. Be3 Qc7 19. Rd2 Rad8 20. Rad1 a6 21.
g3 e5 22. Nf5 e4 23. Nh6+ Kh8 24. Rxd8 Rxd8 25. Rxd8+ Bxd8 26. Qxf7 1-0

[Event "Early-Titled-Tuesday-Blitz-June-18-2024"]
[Site "Chess.com"]
[Date "2024.06.18"]
[Round "3"]
[White "reniite"]
[Black "LLariMarc"]
[Result "0-1"]
[WhiteElo "2283"]
[BlackElo "2506"]
[TimeControl "180+1"]
[EndTime "8:28:13 PDT"]
[Termination "LLariMarc won by checkmate"]

1. d4 f5 2. g4 fxg4 3. Qd3 Nf6 4. h3 gxh3 5. Nxh3 g6 6. Ng5 d5 7. Nxh7 Bf5 8. Qb5+ c6 9. Qxb7 Rxh7 10. Rxh7 Nxh7 11.
Qxa8 Qc7 12. Nc3 Nf6 13. Na4 Nd7 14. Bd2 Kd8 15. O-O-O Kc8 16. Bg2 Bg7 17. c3 e5 18.
dxe5 Nxe5 19. e4 Nd3+ 20. Kb1 dxe4 21. Ka1 Qa5 22. b3 Nc5 23. Kb2 Nxa4+ 24. bxa4 Qxa4 25. Be3 Qb4+ 26. Kc1 Qxc3+ 27. Kb1 Qb2# 0-1

[Event "Early-Titled-Tuesday-Blitz-June-18-2024"]
[Site "Chess.com"]
[Date "2024.06.18"]
[Round "3"]
[White "pavelalexandru07"]
[Black "InadaC"]
[Result "1-0"]
[WhiteElo "2458"]
[BlackElo "2219"]
[TimeControl "180+1"]
[EndTime "8:28:16 PDT"]
[Termination "pavelalexandru07 won by resignation"]

1. e4 e6 2. d4 d5 3. Nc3 Bb4 4. e5 c5 5. a3 Bxc3+ 6. bxc3 Qa5 7. Bd2 Nc6 8. h4 Nge7 9. h5 h6 10. Qg4 Nf5 11. Bd3 Kf8 12. f4 Qb6 13. dxc5 Qxc5 14.
Qf3 d4 15. c4 a5 16. Ne2 Bd7 17. g4 Ne3 18. Bxe3 dxe3 19. Rh3 Qb6 20. Qxe3 Qb2 21. Qc1 Qb6 22. Rb1 Qa7 23. Qe3 Qa6 24. Qc5+ Ke8 25. Nc3 Na7 26. Rb6 Rc8 27. Qd6 Nb5 28. Nxb5 Qa8 29.
Nc7+ Rxc7 30. Qxc7 Ke7 31. Rd6 Rd8 32. c5 Qa7 33.
Bb5 a4 34. Rxd7+ Rxd7 35. Qxd7+ 1-0

[Event "Early-Titled-Tuesday-Blitz-June-18-2024"]
[Site "Chess.com"]
[Date "2024.06.18"]
[Round "3"]
[White "Korchmar_Vasiliy"]
[Black "BashiqChess"]
[Result "1-0"]
[WhiteElo "2658"]
[BlackElo "2460"]
[TimeControl "180+1"]
[EndTime "8:28:19 PDT"]
[Termination "Korchmar_Vasiliy won by checkmate"]

1. d4 Nf6 2. c4 e6 3. Nf3 b6 4. g3 Ba6 5. b3 Bb4+ 6. Bd2 Be7 7.
Bg2 O-O 8. Ne5 d5 9. Nc3 Bb7 10. O-O Nbd7 11. Rc1 Rc8 12. cxd5 Nxe5 13. dxe5 Nxd5 14.
Ne4 c5 15. h4 Qc7 16. f4 Rfd8 17. Qe1 Qd7 18. Kh2 Ba6 19. Bh3 c4 20. f5 cxb3 21. Rxc8 Bxc8 22. f6 Bf8 23. axb3 g6 24. Qc1 Ba6 25.
Bh6 Qc7 26. Qg5 Ba3 27. Bg7 Bxe2 28. Rc1 Bxc1 29. Nd2 Bxd2 30. Qxd2 Bb5 31. Qh6 Qc2+ 32.
Bg2 Qf5 33. Bf8 Nxf6 34. Qg7# 1-0

[Event "Early-Titled-Tuesday-Blitz-June-18-2024"]
[Site "Chess.com"]
[Date "2024.06.18"]
[Round "3"]
[White "jaramsdal"]
[Black "ozates"]
[Result "0-1"]
[WhiteElo "2423"]
[BlackElo "2628"]
[TimeControl "180+1"]
[EndTime "8:28:19 PDT"]
[Termination "ozates won on time"]

1. e4 e5 2. Nf3 Nc6 3. Bb5 a6 4. Bxc6 dxc6 5. O-O Ne7 6. Nc3 Ng6 7. d4 exd4 8. Qxd4 Qxd4 9. Nxd4 Bd7 10. g3 O-O-O 11. Nb3 c5 12. h4 b6 13. h5 Ne5 14.
Bf4 Nc4 15. Nd5 Bd6 16. Bxd6 Nxd6 17. f3 Rhe8 18. Rf2 f5 19. exf5 Nxf5 20. g4 Bc6 21.
Nxb6+ cxb6 22. gxf5 Re5 23. a4 Rxf5 24. a5 b5 25. Re1 c4 26. Nd2 Rxh5 27. Re7 Rd7 28.
Rxd7 Kxd7 29. Ne4 Bxe4 30. fxe4 Re5 31. Rf7+ Re7 32. Rf4 g5 33. Rg4 Re5 34. Kf2 h5 35. Rg1 Ke6 36. Ke3 Kf6 37. Kd4 g4 38. Rf1+ Ke6 39.
Rf8 Rg5 40. Re8+ Kd7 41. Ra8 g3 42. Ra7+ Ke8 43. Rxa6 g2 44. Ra8+ Kd7 45. Ra7+ Kc8 46. Ra8+ Kb7 47. Rh8 g1=Q+ 0-1

[Event "Early-Titled-Tuesday-Blitz-June-18-2024"]
[Site "Chess.com"]
[Date "2024.06.18"]
[Round "3"]
[White "JJDAREK"]
[Black "bescmelasti"]
[Result "0-1"]
[WhiteElo "2325"]
[BlackElo "2619"]
[TimeControl "180+1"]
[EndTime "8:28:19 PDT"]
[Termination "bescmelasti won on time"]

1. Nf3 g6 2. d4 Bg7 3. c4 d6 4. e4 Bg4 5. Be2 Nc6 6. d5 Bxf3 7. Bxf3 Nd4 8. Nd2 Nf6 9. O-O c5 10. Re1 Nd7 11. Rb1 O-O 12. b4 cxb4 13. Rxb4 Nc5 14. Nb3 Ndxb3 15. axb3 Bc3 16. Bd2 Bxb4 17. Bxb4 Qb6 18. Bxc5 Qxc5 19. e5 b5 20. e6 f5 21.
Be2 bxc4 22. Bxc4 a5 23. h4 a4 24. h5 a3 25. hxg6 hxg6 26. Qc1 a2 27. Qa1 Ra3 28. Re3 Qb4 29. Rh3 Rf6 30. g4 fxg4 31. Rh4 Qd2 0-1

[Event "Early-Titled-Tuesday-Blitz-June-18-2024"]
[Site "Chess.com"]
[Date "2024.06.18"]
[Round "3"]
[White "PedroGil25"]
[Black "NigiriSushies"]
[Result "1-0"]
[WhiteElo "2567"]
[BlackElo "2300"]
[TimeControl "180+1"]
[EndTime "8:28:21 PDT"]
[Termination "PedroGil25 won by checkmate"]

1. c4 Nf6 2. Nf3 c6 3. b3 d5 4. Bb2 g6 5. d3 Bg7 6. Nbd2 O-O 7. g3 a5 8. a3 a4 9. b4 Be6 10. Rc1 Nbd7 11. Bg2 h6 12. O-O Nb6 13. Qc2 Kh7 14.
Rfd1 Bf5 15. e4 dxe4 16. dxe4 Bg4 17. h3 Be6 18. Ne5 Qc7 19. c5 Nc8 20. Ndc4 Nd7 21. Nxd7 Bxd7 22. Bxg7 Kxg7 23. f4 Be6 24. Qc3+ Kh7 25.
Kh2 Bxc4 26. Qxc4 Na7 27. Rd3 Nb5 28. Rcd1 Kg8 29. f5 gxf5 30. exf5 Rad8 31. Qg4+ Kh7 32. f6 exf6 33. Be4+ Kh8 34. Qf5 Kg7 35. Qh7# 1-0

[Event "Early-Titled-Tuesday-Blitz-June-18-2024"]
[Site "Chess.com"]
[Date "2024.06.18"]
[Round "3"]
[White "Dixit_Nikhil"]
[Black "Matols"]
[Result "1-0"]
[WhiteElo "2612"]
[BlackElo "2366"]
[TimeControl "180+1"]
[EndTime "8:28:22 PDT"]
[Termination "Dixit_Nikhil won by resignation"]

1. e4 c6 2. d4 d5 3. e5 c5 4.
dxc5 e6 5. a3 Bxc5 6. Qg4 Ne7 7.
b4 Bb6 8. Nf3 O-O 9. Bd3 f5 10. exf6 Rxf6 11. O-O e5 12. Qh4 e4 13. Bg5 Nf5 14. Bxf6 Qxf6 15. Qxf6 gxf6 16. Nc3 exd3 17.
Nxd5 Be6 18. Nxb6 axb6 19. cxd3 Nc6 20. b5 Ncd4 21. Nxd4 Nxd4 22. a4 Kf7 23. h3 Bd5 24. Kh2 Rg8 25. f3 Re8 26. Rfe1 Rxe1 27. Rxe1 Bxf3 28.
Rc1 Bd5 29. Rc7+ Ke6 30. Rxh7 Nb3 31. h4 Nc5 32. h5 Nxd3 33. h6 Nf4 34. Rg7 Be4 35.
h7 Bxh7 36. Rxh7 Nd5 37. Rxb7 Ke5 38. Ra7 f5 39. a5 bxa5 40. Rxa5 f4 41. b6 1-0

[Event "Early-Titled-Tuesday-Blitz-June-18-2024"]
[Site "Chess.com"]
[Date "2024.06.18"]
[Round "3"]
[White "GlavkonVVS"]
[Black "GHANDEEVAM2003"]
[Result "0-1"]
[WhiteElo "2542"]
[BlackElo "2992"]
[TimeControl "180+1"]
[EndTime "8:28:23 PDT"]
[Termination "GHANDEEVAM2003 won on time"]

1. c4 g6 2. Nc3 Bg7 3. Nf3 d6 4. d4 Nc6 5. Bg5 h6 6. Bh4 g5 7. d5 gxh4 8. dxc6 bxc6 9. Nxh4 Rb8 10. Qc2 e5 11. g3 Ne7 12. e3 d5 13. O-O-O Be6 14. f4 exf4 15. gxf4 Bf6 16. Nf3 Nf5 17. cxd5 cxd5 18. Qd3 c6 19. e4 Qb6 20. Rd2 dxe4 21. Qxe4 Nd6 22. Rxd6 Qxb2+ 23. Kd1 Qa1+ 24. Ke2 Qxc3 25.
Rxe6+ fxe6 26. Qxe6+ Be7 27. Kf2 Rf8 28. Bc4 Qf6 29.
Qe4 Kd8 30. Rd1+ Kc7 0-1

[Event "Early-Titled-Tuesday-Blitz-June-18-2024"]
[Site "Chess.com"]
[Date "2024.06.18"]
[Round "3"]
[White "Navyblue1"]
[Black "Zampronha1971"]
[Result "1-0"]
[WhiteElo "2177"]
[BlackElo "2403"]
[TimeControl "180+1"]
[EndTime "8:28:25 PDT"]
[Termination "Navyblue1 won by resignation"]

1. d4 Nf6 2. c4 e6 3. Nf3 b6 4. g3 Ba6 5. Qc2 Be7 6. Bg2 O-O 7. O-O d5 8. cxd5 exd5 9. Nc3 Re8 10. Bg5 c6 11. Bxf6 Bxf6 12. Rfe1 Nd7 13. e4 dxe4 14.
Nxe4 Rc8 15. Rad1 Bb7 16. Nxf6+ Nxf6 17. Ne5 Qd6 18. Qb3 Rc7 19. Qd3 Rce7 20. Nf3 h6 21. Rxe7 Rxe7 22. Ne5 Nd7 23. f4 f6 24. Qc4+ Kh7 25.
Be4+ Kh8 26. Ng6+ Kh7 27. Nxe7+ f5 28. Bxf5+ g6 29. Qf7+ 1-0

[Event "Early-Titled-Tuesday-Blitz-June-18-2024"]
[Site "Chess.com"]
[Date "2024.06.18"]
[Round "3"]
[White "eragon02"]
[Black "Louis-Paulsen-Fan"]
[Result "0-1"]
[WhiteElo "2616"]
[BlackElo "2443"]
[TimeControl "180+1"]
[EndTime "8:28:28 PDT"]
[Termination "Louis-Paulsen-Fan won on time"]

1. d4 d5 2. c4 e6 3. Nc3 c5 4.
cxd5 exd5 5. Nf3 Nc6 6. e3 Nf6 7. Be2 Bd6 8. dxc5 Bxc5 9. O-O O-O 10. b3 Bg4 11. Bb2 Re8 12. h3 Bh5 13. Nb5 Ne4 14.
Nbd4 Bg6 15. Rc1 Qb6 16. Nxc6 bxc6 17. Ne5 Bxe3 18. fxe3 Qxe3+ 19. Kh2 Qg3+ 20. Kh1 Nf2+ 21. Rxf2 Qxf2 22. Bf3 Be4 23. Qd4 Qg3 0-1

[Event "Early-Titled-Tuesday-Blitz-June-18-2024"]
[Site "Chess.com"]
[Date "2024.06.18"]
[Round "3"]
[White "carloseduar100"]
[Black "LangesNasenhaar"]
[Result "0-1"]
[WhiteElo "2254"]
[BlackElo "2496"]
[TimeControl "180+1"]
[EndTime "8:28:28 PDT"]
[Termination "LangesNasenhaar won by resignation"]

1. d4 g6 2. Nf3 Bg7 3. c3 d6 4. e4 Nc6 5. Bc4 Nf6 6. Nbd2 O-O 7. O-O a6 8. h3 e5 9. Re1 exd4 10.
cxd4 d5 11. Bb3 dxe4 12. Nxe4 Nxe4 13. Rxe4 Bf5 14. Rh4 Qd7 15. Bh6 Bxh6 16. Rxh6 Rad8 17. Ne5 Nxe5 18. dxe5 Qxd1+ 19. Rxd1 Rxd1+ 20. Bxd1 Rd8 21. Bb3 Be6 22. Bxe6 fxe6 23. Rh4 Rd1+ 24. Kh2 Rd2 25. Rb4 b5 26. Kg3 c5 27. Rb3 Kf7 28. Kf3 c4 29.
Ra3 Rxb2 30. Rxa6 c3 31. Ke3 b4 32. g4 Rb1 33. Rc6 g5 34. a3 bxa3 35. Rxc3 a2 36. Rc7+ Ke8 37. Rxh7 a1=Q 38. Rh8+ Kf7 39.
Rh7+ Kg8 40. Rh6 Qxe5+ 41. Kf3 Rb3+ 42. Kg2 Qe4+ 43. Kh2 Qf4+ 44. Kg2 Qf3+ 0-1

[Event "Early-Titled-Tuesday-Blitz-June-18-2024"]
[Site "Chess.com"]
[Date "2024.06.18"]
[Round "3"]
[White "sanbruh"]
[Black "margarita_2703"]
[Result "1-0"]
[WhiteElo "2440"]
[BlackElo "2225"]
[TimeControl "180+1"]
[EndTime "8:28:28 PDT"]
[Termination "sanbruh won by resignation"]

1. e4 e5 2. Nf3 Nc6 3. Bb5 a6 4.
Ba4 Nf6 5. O-O Nxe4 6. Re1 Nc5 7. Bxc6 dxc6 8. Nxe5 Be7 9. Nc3 O-O 10. d4 Ne6 11.
Be3 Bf6 12. Nf3 h6 13. Qd2 Ng5 14. Nxg5 Bxg5 15. Ne4 Bxe3 16. Rxe3 Bf5 17. Ng3 Bg6 18. Rae1 Qd6 19. Re7 Rad8 20. c3 c5 21. d5 c6 22.
Rxb7 cxd5 23. Ree7 Rde8 24. Qe2 Rxe7 25. Rxe7 d4 26.
cxd4 cxd4 27. Nf1 d3 28. Qe3 Rc8 29. Re8+ Rxe8 30. Qxe8+ Kh7 31. Qe3 Qc5 32. Qxc5 a5 33. Qxa5 1-0

[Event "Early-Titled-Tuesday-Blitz-June-18-2024"]
[Site "Chess.com"]
[Date "2024.06.18"]
[Round "3"]
[White "luachess1"]
[Black "Larina_Maria"]
[Result "0-1"]
[WhiteElo "1910"]
[BlackElo "2362"]
[TimeControl "180+1"]
[EndTime "8:28:28 PDT"]
[Termination "Larina_Maria won on time"]

1. d4 f5 2. Bf4 Nf6 3. Nf3 d6 4.
e3 e6 5. c4 g6 6. Nc3 Bg7 7. Be2 O-O 8. O-O a6 9. Re1 h6 10. h3 g5 11. Bh2 Qe8 12. Nd2 Qg6 13. Qc2 Nc6 14. a3 Ne7 15. b4 g4 16. hxg4 Nxg4 17.
Bg3 Nf6 18. Bf3 Nh5 19. Bh2 Qg5 20. Qd1 Nf6 21. Bf4 Qg6 22. b5 h5 23. Nf1 h4 24.
a4 Ng4 25. Bxg4 fxg4 26. Nh2 e5 27. dxe5 dxe5 28. Bxe5 Bxe5 0-1

[Event "Early-Titled-Tuesday-Blitz-June-18-2024"]
[Site "Chess.com"]
[Date "2024.06.18"]
[Round "3"]
[White "unkiyto"]
[Black "AniJak"]
[Result "1-0"]
[WhiteElo "2701"]
[BlackElo "2345"]
[TimeControl "180+1"]
[EndTime "8:28:29 PDT"]
[Termination "unkiyto won by resignation"]

1. e4 c6 2. d4 d5 3. e5 Bf5 4.
h4 h5 5. Bd3 Bxd3 6. Qxd3 e6 7.
Bg5 Qb6 8. Nd2 c5 9. c4 Ne7 10. Ngf3 Nbc6 11. O-O cxd4 12. cxd5 Nxd5 13. Nc4 Qa6 14.
a3 Na5 15. b3 Nxc4 16. bxc4 Nb6 17. Rfc1 Rc8 18. Qxd4 Bc5 19. Qe4 O-O 20. Bf6 gxf6 21. exf6 Nd7 22. Qf4 Nxf6 23. Qg5+ Kh7 24. Qxf6 Rg8 25.
Ng5+ Rxg5 26. hxg5 Rf8 27. Rc3 Qb6 28. Rh3 Bxf2+ 29.
Qxf2 1-0

[Event "Early-Titled-Tuesday-Blitz-June-18-2024"]
[Site "Chess.com"]
[Date "2024.06.18"]
[Round "3"]
[White "Ginger_GM"]
[Black "alexrustemov"]
[Result "0-1"]
[WhiteElo "2635"]
[BlackElo "2863"]
[TimeControl "180+1"]
[EndTime "8:28:31 PDT"]
[Termination "alexrustemov won on time"]

1. f4 d5 2. Nf3 Nf6 3. e3 g6 4. b3 Bg7 5. Bb2 O-O 6. Be2 c5 7. O-O Nc6 8. Ne5 Qc7 9. Nxc6 Qxc6 10. Be5 b6 11. Bf3 Bb7 12. Nc3 Rfd8 13. Qe1 Rac8 14. Qh4 Qd7 15. Ne2 d4 16. exd4 cxd4 17. Nxd4 Bxf3 18. Rxf3 Ne4 19. Bxg7 Kxg7 20. c3 Nxd2 21. Rh3 h5 22. Rd1 Ne4 23. f5 Nxc3 24. Ne6+ Qxe6 25. fxe6 Rxd1+ 26. Kf2 Rd2+ 27. Ke3 Rcd8 28. Qc4 Nd1+ 29. Ke4 Nf2+ 30. Kf4 R2d4+ 0-1

[Event "Early-Titled-Tuesday-Blitz-June-18-2024"]
[Site "Chess.com"]
[Date "2024.06.18"]
[Round "3"]
[White "AndresDelgado77"]
[Black "Omranalhosani21"]
[Result "0-1"]
[WhiteElo "2368"]
[BlackElo "2547"]
[TimeControl "180+1"]
[EndTime "8:28:31 PDT"]
[Termination "Omranalhosani21 won on time"]

1. e4 c5 2. Nf3 Nc6 3. b4 cxb4 4. d4 d5 5. exd5 Qxd5 6. c4 bxc3 7. Nxc3 Qa5 8. Bd2 e6 9. d5 exd5 10. Bb5 Qd8 11.
Qa4 Nf6 12. Ne5 Bd7 13. Bxc6 bxc6 14. O-O Be7 15. Nxc6 Qb6 16. Rfe1 Qxc6 17. Nb5 Qxb5 18. Rxe7+ Kxe7 19. Re1+ Ne4 20. Rxe4+ dxe4 21. Qxe4+ Be6 22. Bb4+ Kd7 23. Qd4+ Qd5 0-1

[Event "Early-Titled-Tuesday-Blitz-June-18-2024"]
[Site "Chess.com"]
[Date "2024.06.18"]
[Round "3"]
[White "hsd2016"]
[Black "ilya2700"]
[Result "1-0"]
[WhiteElo "2432"]
[BlackElo "2209"]
[TimeControl "180+1"]
[EndTime "8:28:31 PDT"]
[Termination "hsd2016 won on time"]

1. Nf3 d5 2. b3 e6 3. Bb2 c5 4. e3 Nf6 5. d4 Nc6 6. c4 Be7 7. Bd3 O-O 8. O-O b6 9. Nc3 Bb7 10. Rc1 Rc8 11. Bb1 Ba6 12. cxd5 Bxf1 13. Qxf1 exd5 14.
Rd1 cxd4 15. exd4 Bd6 16. Nb5 Bb8 17. Ne5 a6 18. Rc1 Nxe5 19. dxe5 Rxc1 20. Qxc1 axb5 21. exf6 Re8 22. g3 Qc7 23. Qg5 Re1+ 24. Kg2 g6 25.
Qh6 1-0

[Event "Early-Titled-Tuesday-Blitz-June-18-2024"]
[Site "Chess.com"]
[Date "2024.06.18"]
[Round "3"]
[White "AlexeiShirov"]
[Black "Feegus"]
[Result "1-0"]
[WhiteElo "2886"]
[BlackElo "2680"]
[TimeControl "180+1"]
[EndTime "8:28:35 PDT"]
[Termination "AlexeiShirov won by resignation"]

1. e4 e5 2. Nf3 Nf6 3. Nxe5 d6 4.
Nf3 Nxe4 5. d4 d5 6. Bd3 Bf5 7. O-O Be7 8. c4 dxc4 9. Bxc4 O-O 10. Nc3 Nd6 11. Bb3 Nc6 12. Ne5 Na5 13. Bd5 c6 14. Bf3 Nac4 15. Qb3 Be6 16. Qc2 Qb6 17. Nxc4 Nxc4 18.
d5 cxd5 19. Nxd5 Bxd5 20. Bxd5 Nd6 21. Be3 Qb5 22. Rfd1 Bf6 23. a4 Qxb2 24. Qxb2 Bxb2 25. Rab1 Bf6 26. Bc5 Be7 27. Bxb7 Rad8 28. h3 Nf5 29.
Bxa7 Bd6 30. a5 h5 31. a6 Rd7 32. Bb6 g6 33. Bc6 Re7 34. a7 1-0

[Event "Early-Titled-Tuesday-Blitz-June-18-2024"]
[Site "Chess.com"]
[Date "2024.06.18"]
[Round "3"]
[White "gafkens"]
[Black "unbreakablepawn35"]
[Result "1-0"]
[WhiteElo "2618"]
[BlackElo "2391"]
[TimeControl "180+1"]
[EndTime "8:28:37 PDT"]
[Termination "gafkens won by resignation"]

1. e4 d5 2. exd5 Qxd5 3. Nc3 Qd8 4. Nf3 Nf6 5. d4 a6 6. Be2 b5 7. Ne5 Bb7 8. Bf3 Qc8 9. O-O e6 10. Bg5 Be7 11. Re1 Nbd7 12. Nc6 h6 13. Nxe7 Kxe7 14. Bh4 g5 15. Bg3 Nb6 16. Qe2 Rd8 17. Rad1 Nbd5 18.
Ne4 Nxe4 19. Bxe4 Nf6 20. Bf3 Bd5 21. b3 Qb7 22. Bxd5 Nxd5 23. Rd2 b4 24. h4 Nc3 25. Qh5 Qd5 26. Qxh6 Rh8 27. Qxg5+ Qxg5 28. hxg5 Nd5 29. Be5 Rh5 30. f4 Rg8 31. Kf2 f6 32. gxf6+ Nxf6 33. Bxf6+ Kxf6 34. Re5 Rh4 35. Kf3 Rh1 36. d5 Rf1+ 37.
Rf2 Rxf2+ 38. Kxf2 exd5 39. Rxd5 Re8 40. Rc5 1-0

[Event "Early-Titled-Tuesday-Blitz-June-18-2024"]
[Site "Chess.com"]
[Date "2024.06.18"]
[Round "3"]
[White "azikom"]
[Black "Erdnya15"]
[Result "0-1"]
[WhiteElo "2695"]
[BlackElo "2508"]
[TimeControl "180+1"]
[EndTime "8:28:38 PDT"]
[Termination "Erdnya15 won by resignation"]

1. c4 c6 2. e4 d5 3. exd5 cxd5 4. cxd5 Nf6 5. Qa4+ Nbd7 6. Nc3 g6 7. Bc4 Bg7 8. d3 O-O 9. Nf3 a6 10. Qa3 Nb6 11.
Qb3 Nbd7 12. a4 Nc5 13. Qa3 b6 14. O-O Bb7 15. b4 Ncd7 16. Re1 b5 17. Ba2 Nb6 18. Bb2 Nbxd5 19. Nxd5 Bxd5 20. Bxd5 Nxd5 21. Bxg7 Kxg7 22. Qb2+ Kg8 23. Ne5 Qd6 24. Ng4 h5 25.
Ne3 Nxb4 26. axb5 Nxd3 27. Red1 Nxb2 28. Rxd6 exd6 29. bxa6 Ra7 30. g3 Rfa8 31. Rb1 Nd3 32.
Nd5 Rxa6 33. Rb7 R6a7 34. Rb6 Ra1+ 35. Kg2 R1a2 36. Rxd6 Rxf2+ 37. Kh3 Ne5 38. Kh4 Nf3+ 0-1

[Event "Early-Titled-Tuesday-Blitz-June-18-2024"]
[Site "Chess.com"]
[Date "2024.06.18"]
[Round "3"]
[White "becemix"]
[Black "EddieUrquhart"]
[Result "1-0"]
[WhiteElo "2625"]
[BlackElo "2419"]
[TimeControl "180+1"]
[EndTime "8:28:38 PDT"]
[Termination "becemix won by resignation"]

1. e4 c5 2. c3 d5 3. exd5 Qxd5 4.
d4 Nc6 5. Nf3 e6 6. Bd3 Nf6 7.
O-O Be7 8. Be3 cxd4 9. cxd4 O-O 10. Nc3 Qh5 11. a3 b6 12. h3 Bb7 13. Rc1 Rfd8 14. Qe2 Nd5 15. Ne4 Nxe3 16. fxe3 Rac8 17. Ng3 Qh6 18.
Bb1 Na5 19. Ne5 f6 20. Ng4 Qh4 21. Nh1 Bd6 22. Ba2 Bd5 23. b4 Nc6 24. Bxd5 exd5 25.
Qb5 Ne7 26. Rxc8 Nxc8 27. Qxd5+ Kh8 28. Qf3 Ne7 29. Nhf2 Rc8 30. Nd3 h6 31. Nf4 Rc2 32. Qa8+ Kh7 33. Qe4+ 1-0

[Event "Early-Titled-Tuesday-Blitz-June-18-2024"]
[Site "Chess.com"]
[Date "2024.06.18"]
[Round "3"]
[White "chess_peak"]
[Black "HouseOfDurin"]
[Result "1-0"]
[WhiteElo "2516"]
[BlackElo "2294"]
[TimeControl "180+1"]
[EndTime "8:28:38 PDT"]
[Termination "chess_peak won by resignation"]

1. d4 Nf6 2. c4 c5 3. Nf3 cxd4 4. Nxd4 g6 5. g3 Bg7 6. Bg2 O-O 7. O-O Nc6 8. Nc2 e6 9. Nc3 b6 10. b3 Bb7 11. Ba3 Ne7 12. Bxb7 Rb8 13. Bg2 Re8 14.
Qd2 d5 15. cxd5 Nexd5 16. Nxd5 Nxd5 17. Rad1 Nc3 18. Qxd8 Nxe2+ 19. Kh1 Rexd8 20. Be7 Rxd1 21. Rxd1 Nc3 22. Rd7 a5 23. a3 a4 24. bxa4 Nxa4 25.
h4 Rc8 26. Ne3 Bb2 27. Bb4 Kg7 28. Kh2 Bc3 29. Bb7 Rb8 30. Bxc3+ Nxc3 31. Nc4 Nb5 32. a4 Nd4 33. Nxb6 Nf5 34. a5 e5 35. a6 Nd4 36. a7 Rxb7 37. Rxb7 1-0

[Event "Early-Titled-Tuesday-Blitz-June-18-2024"]
[Site "Chess.com"]
[Date "2024.06.18"]
[Round "3"]
[White "palombie"]
[Black "Iball95"]
[Result "1-0"]
[WhiteElo "2536"]
[BlackElo "2829"]
[TimeControl "180+1"]
[EndTime "8:28:39 PDT"]
[Termination "palombie won by resignation"]

1. e4 c5 2. Nf3 e6 3. d4 cxd4 4. Nxd4 Nf6 5. Nc3 Nc6 6. Nxc6 bxc6 7. e5 Nd5 8. Ne4 f5 9. exf6 Nxf6 10. Nd6+ Bxd6 11. Qxd6 Ba6 12. Bxa6 Qa5+ 13. Bd2 Qxa6 14. f3 Qc4 15. O-O-O Qxa2 16. Bb4 O-O-O 17. Bc3 Nd5 18. Be5 Qa1+ 19. Kd2 Qa5+ 20. Ke2 Qc7 21. Rxd5 Qb7 22. Ra5 Rhf8 23. Rha1 Rf5 24. f4 Rxe5+ 25. Qxe5 c5 26. Rxa7 Qxg2+ 27. Kd3 Qf3+ 28. Kc4 d5+ 29. Kb5 Qe2+ 30.
Kc6 Rd6+ 31. Qxd6 Qa6+ 32. R1xa6 1-0

[Event "Early-Titled-Tuesday-Blitz-June-18-2024"]
[Site "Chess.com"]
[Date "2024.06.18"]
[Round "3"]
[White "howitzer14"]
[Black "NinoMaisuradze"]
[Result "1-0"]
[WhiteElo "3025"]
[BlackElo "2355"]
[TimeControl "180+1"]
[EndTime "8:28:40 PDT"]
[Termination "howitzer14 won by resignation"]

1. d4 Nf6 2. Bg5 e6 3. Nd2 d5 4. c3 Be7 5. e3 O-O 6. Bd3 b6 7. Qe2 Bb7 8. Bxf6 Bxf6 9. f4 Be7 10. Ngf3 Nd7 11. O-O f5 12. a4 a5 13. Kh1 Kh8 14.
Rg1 g5 15. g4 fxg4 16. Rxg4 gxf4 17. Rag1 Bf6 18. exf4 Qe7 19. Ng5 Bxg5 20. fxg5 e5 21. g6 hxg6 22. Rxg6 Qh7 23. Rg7 Qxg7 24. Qh5+ Kg8 25.
Qh7+ 1-0